 Dungeon Crawl Stone Soup version 0.29.1-14-g9c671dbff4 (webtiles) character file.

Game seed: 2710069829447907593

7822 Sanktem7 the Fighter (level 11, -7/110 HPs)
             Began as a Minotaur Fighter on Feb 18, 2023.
             Was a High Priest of Okawaru.
             Mangled by an ogre
             ... wielding a +0 giant club
              (14 damage)
             ... on level 10 of the Dungeon.
             The game lasted 00:12:27 (9250 turns).

Sanktem7 the Fighter (Minotaur Fighter)             Turns: 9250, Time: 00:12:27

Health: -7/110     AC: 14    Str: 24    XL:     11   Next: 1%
Magic:  10/10      EV:  6    Int:  5    God:    Okawaru [*****.]
Gold:   500        SH: 14    Dex: 14    Spells: 10/10 levels left

rFire   . . .      SeeInvis +   u - +3 mace "Jului" {freeze, Dex+3 Stlth+, mace}
rCold   . . .      Faith    .   D - +0 kite shield
rNeg    . . .      Spirit   .   w - +0 chain mail
rPois   +          Reflect  +   (helmet restricted)
rElec   .          Harm     .   x - +0 cloak
rCorr   .          Rampage  .   (no gloves)
Will    .....                   f - +2 pair of boots
Stlth   ..........              h - amulet of reflection
HPRegen 0.28/turn               o - ring of see invisible
MPRegen 0.12/turn               y - ring of poison resistance

@: no status effects
A: horns 2, retaliatory headbutt
a: Renounce Religion, Heroism, Finesse, Duel


You were on level 10 of the Dungeon.
You worshipped Okawaru.
Okawaru was extremely pleased with you.
You visited 2 branches of the dungeon, and saw 11 of its levels.

You collected 500 gold pieces.


Innate Abilities, Weirdness & Mutations

You have a pair of horns on your head.
You reflexively headbutt those who attack you in melee.


   Skills:
 * Level 14.1 Fighting
 - Level 3.9(9.5) Axes
 * Level 13.3(13.6) Maces & Flails
 + Level 6.1 Armour
 - Level 3.6 Shields
 + Level 1.0 Unarmed Combat


You had 10 spell levels left.
You didn't know any spells.
Your spell library contained the following spells:

 Spells                   Type           Power      Damage    Failure   Level
 Poisonous Vapours        Pois/Air       0%         N/A       100%        2
 Frozen Ramparts          Ice            0%         1d1       100%        3
 Gell's Gravitas          Tloc           0%         N/A       100%        3
 Swiftness                Air            0%         N/A       100%        3
 Teleport Other           Tloc           0%         N/A       100%        3
 Ice Form                 Ice/Tmut       0%         N/A       100%        4
 Dispersal                Tloc           0%         N/A       100%        6
 Summon Small Mammal      Summ           Unusable   N/A       N/A         1
 Call Canine Familiar     Summ           Unusable   N/A       N/A         3
 Summon Guardian Golem    Hex/Summ       Unusable   N/A       N/A         3
 Summon Ice Beast         Ice/Summ       Unusable   N/A       N/A         4
 Summon Forest            Summ/Tloc      Unusable   N/A       N/A         5
 Summon Mana Viper        Hex/Summ       Unusable   N/A       N/A         5
 Summon Cactus Giant      Summ           Unusable   N/A       N/A         6
 Spellforged Servitor     Conj/Summ      Unusable   N/A       N/A         7
 Summon Horrible Things   Summ           Unusable   N/A       N/A         8

Inventory:

Hand Weapons
 u - the +3 mace "Jului" (weapon) {freeze, Dex+3 Stlth+, mace}
   (You found it on level 4 of the Dungeon)

   It freezes those it strikes, dealing additional cold damage.
   It can also slow down cold-blooded creatures.
   Dex:       It affects your dexterity (+3).
   Stlth:     It makes you more stealthy.
Missiles
 g - 4 stones {throwing}
 q - 5 boomerangs (quivered) {throwing}
 r - 26 poisoned darts {throwing}
 B - 3 silver javelins {throwing}
 K - 2 datura-tipped darts {throwing}
Armour
 f - a +2 pair of boots (worn)
   (You found it on level 1 of the Dungeon)
 w - a +0 chain mail (worn)
   (You found it on level 4 of the Dungeon)
 x - a +0 cloak (worn)
   (You found it on level 5 of the Dungeon)
 D - a +0 kite shield (worn)
   (You took it off a gnoll sergeant on level 6 of the Dungeon)
Jewellery
 h - an amulet of reflection (around neck)
   (You found it on level 4 of the Dungeon)
 o - a ring of see invisible (left hand)
   (You found it on level 2 of the Dungeon)
 y - a ring of poison resistance (right hand)
   (You found it on level 5 of the Dungeon)
Wands
 a - a wand of flame (29)
   (You took it off Pikel on level 5 of the Dungeon)
 n - a wand of paralysis (22)
   (You found it on level 2 of the Dungeon)
 s - a wand of quicksilver (3)
   (You found it on level 8 of the Dungeon)
Scrolls
 b - 5 scrolls of poison
 e - 8 scrolls of teleportation {@r4}
 j - a scroll of immolation {!r!r}
 k - 2 scrolls of identify {@r1}
 l - 3 scrolls of vulnerability {!r!r}
 m - 4 scrolls of blinking {!r}
 v - a scroll of magic mapping {!r}
 I - a scroll of noise {unknown}
 J - a scroll of summoning {unknown}
Potions
 c - a potion of attraction {unknown}
 d - 5 potions of might
 i - a potion of brilliance {unknown}
 p - 2 potions of degeneration {unknown}
 t - 2 potions of cancellation {unknown}
 A - 3 potions of heal wounds {unknown}
 C - 3 potions of curing {@q1}
 E - 3 potions of haste {@q3}
 F - a potion of magic {unknown}
 G - a potion of lignification {unknown}

Dungeon Overview and Level Annotations

Branches:
Dungeon (10/15) Zot: 26139  Temple (1/1) D:4 Zot: 5977     Orc (0/2) D:10
   Lair: D:8-11

Altars:
Cheibriados
Fedhas
Hepliaklqana
Kikubaaqudgha
Makhleb
Nemelex Xobeh
Okawaru
Qazlal
Ru
Sif Muna
Trog
Uskayaw
Vehumet
Wu Jian
Xom
The Shining One

Shops:
D:1 :   D:2 ?

Annotations:
D:9 2 runed translucent doors, tizbic2's ghost, journeyman NaHu

.........#..........
.........#..........
.........##'############
#......................#
#......................#
#......................#
#........#####Ko.......#
#........# #.O.......####
#........# #..@...........
#........# #..............
#........#####..............
#.................######....
#.................# ....
#.....)...........# ###
#.################# ###


You could see an orc warrior, a kobold brigand and an ogre (poisoned).


Message History

The gnoll hits you with a +1 whip of electrocution.
* * * LOW HITPOINT WARNING * * *
You closely miss the gnoll sergeant.
The gnoll sergeant hits you but does no damage.
The gnoll hits you but does no damage. You block the gnoll sergeant's attack.
You hit the gnoll sergeant but do no damage.
You headbutt the gnoll sergeant.
You kill the gnoll sergeant!
Okawaru accepts your kill.
The gnoll sergeant hits you from afar with a +0 trident.
* * * LOW HITPOINT WARNING * * *
You block the gnoll's attack.
You have reached level 11!
You block the gnoll sergeant's attack.
Things that are here:
a +0 spear {polearm}; a +0 scale mail; a +0 hand axe {axe} 😨 HP[-7] MP[+1]
You now have 110 max hp (+7).
Your mp is fully restored (10).
You sock the gnoll! You freeze the gnoll.
You kill the gnoll!
Okawaru accepts your kill. You block the gnoll sergeant's attack.
The gnoll sergeant hits you from afar with a +0 trident.
* * * LOW HITPOINT WARNING * * *
The ogre barely misses you.
Items here: ( )))) [[ ††. 😨 HP[-2]
You take 2 damage, and now have 43/110 hp.
You see here a +0 giant club {mace}.
You block the ogre's attack.
The orc warrior hits you from afar with a +0 glaive!
* * * LOW HITPOINT WARNING * * *
You see here a +0 giant club {mace}. 😨 HP[-13]
You take 13 damage, and now have 30/110 hp.
You hit the ogre. You freeze the ogre. You block the ogre's attack.
The orc warrior barely misses you.
You hit the ogre. You freeze the ogre. You thump the ogre! You freeze the ogre.
You kill the ogre!
Okawaru accepts your kill. You block the orc warrior's attack.
Your Unarmed Combat skill increases to level 1!
The orc warrior hits you with a +0 glaive!
* * * LOW HITPOINT WARNING * * *
Items here: ( ))))) [[ ††. 😱 HP[-6]
You take 6 damage, and now have 24/110 hp.
The orc warrior hits you from afar with a +0 glaive!
* * * LOW HITPOINT WARNING * * *
You see here a +0 giant club {mace}. 😱 HP[-11]
You take 11 damage, and now have 13/110 hp. 😱 HP[+1]
An ogre breaks down the door. 😱 HP[+1]
You see here a +0 long sword {long}. 😱 HP[+1] 😱 HP[+1] 😱 HP[+1] 😱 HP[+1] 😱 HP[+1] 😱 HP[+1] 😱 HP[+1] 😱 HP[+1] 😱 HP[+1] 😱 HP[+1] 😱 HP[+1] 😱 HP[+1] 😨 HP[+1] 😨 HP[+1] 😨 HP[+1] 😨 HP[+1] 😨 HP[+1]
The orc warrior complains loudly. 😨 HP[+1] 😨 HP[+1] 😨 HP[+1]
You block the orc warrior's attack.
The orc warrior hits you from afar with a +0 glaive.
* * * LOW HITPOINT WARNING * * *
😨 HP[-4]
You take 4 damage, and now have 31/110 hp.
The ogre attacks as you move away! You block the ogre's attack.
The kobold brigand throws a poisoned dart.
You reflect the poisoned dart off an invisible shield around you!
The poisoned dart hits the ogre!
The ogre is poisoned.
The ogre attacks as you move away! You block the ogre's attack. 😨 HP[+1]
The orc warrior closely misses you. The ogre hits you with a +0 giant club!
* * * LOW HITPOINT WARNING * * *
😱 HP[-17]
You take 17 damage, and now have 15/110 hp.
There is a stone staircase leading up here. 😱 HP[+1]
The orc warrior hits you from afar with a +0 glaive!
* * * LOW HITPOINT WARNING * * *
The ogre hits you with a +0 giant club!
You die...

Skill      XL: |  1  2  3  4  5  6  7  8  9 10 11 |
---------------+----------------------------------+-----
Fighting       | 4 5 7 8 10 12 14 | 14.1
Axes           | 3 |  3.9
Armour         | 4 5 6 |  6.1
Maces & Flails | 1 3 5 6 8 11 13 | 13.3
Unarmed Combat | 1 |  1.0
Shields        | |  3.6

Action                   |  1- 3 |  4- 6 |  7- 9 | 10-12 || total
-------------------------+-------+-------+-------+-------++-------
Melee: War axe           |    82 |    21 |       |       ||   103
       Headbutt          |     6 |     9 |    47 |    53 ||   115
       Mace              |       |    37 |   192 |   219 ||   448
  Use: Scroll            |       |       |    12 |       ||    12
Armor: Scale mail        |    40 |    26 |       |       ||    66
       Chain mail        |       |     7 |    87 |   109 ||   203
Dodge: Dodged            |    37 |    27 |    46 |    41 ||   151
Block: Buckler           |    22 |    20 |    54 |       ||    96
       Reflection        |       |     1 |     8 |     4 ||    13
       Kite shield       |       |       |    75 |   204 ||   279

Levels and vault maps discovered:
D:1:      minmay_arrival_split_and_join, layout_basic,
          ebering_ecumenical_altar_mist, serial_shops, shop,
          grunt_decor_arrowhead
D:2:      layout_loops_ring, serial_shops, shop_fountains
D:3:      layout_rooms
D:4:      layout_cave_pods, minmay_temple_entry_drinking_statues
D:5:      layout_basic, gammafunk_temple_overflow_pools, uniq_pikel
D:6:      layout_basic, hangedman_decor_opposing,
          amcnicky_mini_rare_corridor_liquid, nicolae_zen_rock_garden
D:7:      layout_basic, serial_demonic, serial_demonic_d, serial_demonic_d,
          serial_demonic_d, serial_demonic_c
D:8:      layout_basic, chequers_serial_rivers_marsh, uniq_erica
D:9:      minmay_evil_eye, layout_long_grid, ebering_ghost_disaster_area,
          minmay_orc_keep, uniq_maurice
D:10:     layout_irregular_city, kennysheep_orc_monster_closet_entryway
Temple:   nicolae_temple_bog_church

Notes
Turn   | Place    | Note
-------+----------+-------------------------------------------
     0 | D:1      | Sanktem7 the Minotaur Fighter began the quest for the Orb.
     0 | D:1      | Reached XP level 1. HP: 19/19 MP: 0/0
     0 | D:1      | magus.rc [v1.9.6]
   207 | D:1      | Reached XP level 2. HP: 27/27 MP: 1/1
   234 | D:1      | Reached skill level 4 in Fighting
   261 | D:1      | Reached skill level 3 in Axes
   262 | D:1      | Found a faded altar of an unknown god.
   587 | D:1      | Reached skill level 4 in Armour
   587 | D:1      | Reached XP level 3. HP: 27/33 MP: 2/2
   660 | D:1      | Found Tifiyhu's Book Emporium.
   847 | D:2      | You pick up a book of Rime and begin reading...
   847 | D:2      | You add the spells Frozen Ramparts, Ice Form and Summon Ice
                  | Beast to your library.
  1186 | D:2      | Found Tufihur's Magic Scroll Shop.
  1408 | D:3      | You pick up a book of Callings and begin reading...
  1408 | D:3      | You add the spells Summon Small Mammal, Call Canine
                  | Familiar and Summon Guardian Golem to your library.
  1441 | D:3      | You add the spells Gell's Gravitas, Teleport Other and
                  | Dispersal to your library.
  1516 | D:3      | Reached XP level 4. HP: 41/41 MP: 3/3
  1647 | D:3      | Identified the +0 robe of Lugonu's Wrath {Rampage Int+4}
  1982 | D:4      | Identified the +3 mace "Jului" {freeze, Dex+3 Stlth+}
  2030 | D:4      | Noticed a phantom
  2036 | D:4      | Killed a phantom
  2037 | D:4      | Reached skill level 5 in Fighting
  2037 | D:4      | Reached skill level 1 in Maces & Flails
  2037 | D:4      | Reached XP level 5. HP: 48/48 MP: 4/4
  2075 | D:4      | Found a staircase to the Ecumenical Temple.
  2085 | D:4      | Noticed a black bear
  2093 | D:4      | Killed a black bear
  2094 | D:4      | Reached skill level 2 in Maces & Flails
  2222 | Temple   | Entered the Ecumenical Temple
  2234 | Temple   | Became a worshipper of Warmaster Okawaru
  2452 | D:4      | Reached skill level 3 in Maces & Flails
  2452 | D:4      | Reached XP level 6. HP: 51/57 MP: 5/5
  2454 | D:4      | Reached skill level 5 in Armour
  2829 | D:5      | Entered Level 5 of the Dungeon
  2833 | D:5      | Reached skill level 6 in Fighting
  2837 | D:5      | Noticed Pikel
  2850 | D:5      | Killed Pikel
  2850 | D:5      | Reached * piety under Okawaru
  2850 | D:5      | Reached ** piety under Okawaru
  2851 | D:5      | Reached skill level 7 in Fighting
  2851 | D:5      | Reached skill level 5 in Maces & Flails
  2851 | D:5      | Reached XP level 7. HP: 38/66 MP: 6/6
  2994 | D:5      | Reached skill level 6 in Armour
  3050 | D:5      | Noticed a yak
  3050 | D:5      | Noticed a yak
  3050 | D:5      | Noticed a yak
  3057 | D:5      | Killed a yak
  3058 | D:5      | Reached skill level 8 in Fighting
  3058 | D:5      | Reached skill level 6 in Maces & Flails
  3058 | D:5      | Reached XP level 8. HP: 69/74 MP: 7/7
  3068 | D:5      | Reached skill level 7 in Maces & Flails
  3264 | D:5      | Reached skill level 9 in Fighting
  3295 | D:5      | Reached *** piety under Okawaru
  3721 | D:5      | Reached skill level 8 in Maces & Flails
  3871 | D:5      | Found a sparkling altar of Nemelex Xobeh.
  3871 | D:5      | Found a hazy altar of Hepliaklqana.
  4083 | D:6      | You add the spells Poisonous Vapours and Swiftness to your
                  | library.
  4083 | D:6      | Got the Collected Works on Unified Vapour
  4116 | D:6      | Reached skill level 10 in Fighting
  4116 | D:6      | Reached XP level 9. HP: 79/85 MP: 8/8
  4379 | D:6      | Reached skill level 9 in Maces & Flails
  5030 | D:7      | Reached **** piety under Okawaru
  5266 | D:7      | You pick up a book of the Wilderness and begin reading...
  5432 | D:7      | Reached skill level 11 in Fighting
  5529 | D:7      | Reached skill level 10 in Maces & Flails
  6294 | D:8      | Noticed Erica
  6320 | D:8      | Killed Erica
  6321 | D:8      | Reached skill level 12 in Fighting
  6321 | D:8      | Reached skill level 11 in Maces & Flails
  6321 | D:8      | Reached XP level 10. HP: 79/97 MP: 9/9
  6433 | D:8      | Reached ***** piety under Okawaru
  6874 | D:9      | Noticed Maurice
  6882 | D:9      | Killed Maurice
  7244 | D:9      | Reached skill level 12 in Maces & Flails
  7412 | D:9      | Reached skill level 13 in Fighting
  7422 | D:9      | Received a gift from Okawaru
  7425 | D:9      | Identified the +0 pair of boots of the Circus Animal
                  | {+Blink +Inv rPois Str-5}
  7699 | D:9      | Found a large runed translucent door.
  7700 | D:9      | Found a large runed translucent door.
  7704 | D:9      | Noticed tizbic2's ghost (journeyman NaHu)
  7792 | D:9      | Received a gift from Okawaru
  8383 | D:10     | Entered Level 10 of the Dungeon
  8649 | D:10     | Noticed a deep elf pyromancer
  8665 | D:10     | Killed a deep elf pyromancer
  8666 | D:10     | Reached skill level 14 in Fighting
  8666 | D:10     | Reached skill level 13 in Maces & Flails
  9120 | D:10     | Found a staircase to the Orcish Mines.
  9133 | D:10     | Received a gift from Okawaru
  9151 | D:10     | Reached XP level 11. HP: 45/110 MP: 10/10
  9160 | D:10     | Reached skill level 1 in Unarmed Combat
  9160 | D:10     | HP: 24/110 [orc warrior/+0 glaive (7)]
  9248 | D:10     | HP: 15/110 [ogre/+0 giant club (17)]
  9250 | D:10     | HP: 7/110 [orc warrior/+0 glaive (9)]
  9250 | D:10     | Mangled by an ogre

Vanquished Creatures
  Erica (D:8)
  Pikel (D:5)
  A deep elf pyromancer (D:10)
  Maurice (D:9)
  A shadow (D:9)
  2 wyverns (D:9)
  7 yaks
  3 steam dragons
  2 water moccasins
  7 orc warriors
  3 ice beasts
  A sky beast (D:7)
  A black bear (D:4)
  3 centaurs
  8 ogres
  A lemure (D:5)
  2 kobold brigands
  A phantom (D:4)
  A necrophage (D:5)
  2 gnoll sergeants
  2 scorpions
  2 bullfrogs
  4 wights (D:9)
  5 killer bees (D:9)
  2 howler monkeys
  2 hounds
  A jelly (D:6)
  A quasit (D:7)
  5 orc priests
  4 iguanas
  6 orc wizards
  5 gnolls
  5 adders
  7 shadow imps
  4 white imps
  2 ufetubi
  2 worms
  2 dart slugs
  28 orcs
  4 bats
  2 endoplasms
  4 giant cockroaches
  8 goblins
  3 hobgoblins
  4 jackals (D:1)
  23 kobolds
  6 quokkas
  7 ball pythons
  5 frilled lizards
  5 rats
209 creatures vanquished.

Table legend:
 A = Non-vault XP
 B = Vault XP
 C = Vault XP percentage of total XP
 D = Non-vault monster count
 E = Vault monster count
 F = Vault count percentage of total count
                 A         B        C        D         E       F
            +---------+---------+-------+---------+---------+-------
      Total |    7425 |    3750 |  33.6 |     175 |      33 |  15.9
            +---------+---------+-------+---------+---------+-------
        D:1 |      52 |       0 |   0.0 |      32 |       0 |   0.0
        D:2 |      33 |       0 |   0.0 |      10 |       0 |   0.0
        D:3 |      34 |       0 |   0.0 |      15 |       0 |   0.0
        D:4 |     310 |       0 |   0.0 |      14 |       0 |   0.0
        D:5 |    1257 |     685 |  35.3 |      21 |       1 |   4.5
        D:6 |     910 |       0 |   0.0 |      17 |       0 |   0.0
        D:7 |     899 |     140 |  13.5 |      13 |      10 |  43.5
        D:8 |    1086 |     828 |  43.3 |      16 |       1 |   5.9
        D:9 |    1145 |    1234 |  51.9 |      23 |      12 |  34.3
       D:10 |    1699 |     863 |  33.7 |      14 |       9 |  39.1
            +---------+---------+-------+---------+---------+-------

Illustrated notes

Table legend:
 A = Kills in this place as a percentage of kills in entire the game.
 B = Kills by you in this place as a percentage of kills by you in the entire game.
 C = Kills by friends in this place as a percentage of kills by friends in the entire game.
 D = Other kills in this place as a percentage of other kills in the entire game.
 E = Experience gained in this place as a percentage of experience gained in the entire game.
 F = Experience gained in this place divided by the number of levels of this place that you have seen.
                   A       B       C       D       E      F
               +-------+-------+-------+-------+-------+----------------------
         Total | 100.0 | 100.0 |   N/A |   N/A | 100.0 | 1015.9
       Dungeon | 100.0 | 100.0 |   N/A |   N/A | 100.0 | 1117.5
               +-------+-------+-------+-------+-------+----------------------

Table legend: (Time is in decaauts)
 A = Elapsed time spent in this place.
 B = Non-inter-level travel time spent in this place.
 C = Inter-level travel time spent in this place.
 D = Time resting spent in this place.
 E = Time spent auto-exploring this place.
 F = Levels seen in this place.
 G = Mean time per level.
                   A        B        C        D        E       F      G
               +--------+--------+--------+--------+--------+-----+--------+
         Total |   9314 |   9013 |    301 |      0 |   7744 |  11 |  846.7 |
       Dungeon |   9291 |   9004 |    287 |      0 |   7741 |  10 |  929.1 |
        Temple |     22 |      8 |     14 |      0 |      3 |   1 |   22.0 |
               +--------+--------+--------+--------+--------+-----+--------+

Top non-repeatable levels by time:
     D:9: 1539 daAuts
     D:5: 1153 daAuts
     D:7: 1095 daAuts
     D:4: 933 daAuts
     D:6: 925 daAuts
     D:8: 868 daAuts
    D:10: 859 daAuts
     D:1: 832 daAuts
     D:2: 594 daAuts
     D:3: 489 daAuts
  Temple: 22 daAuts
